 Seeded DCSS version 0.30.0-17-ge0270778cf (webtiles) character file.

Game seed: 1007316256282069755 (custom seed)

12281 edwardauron the Cleaver (level 11, -19/77 HPs)
             Began as a Demonspawn Berserker on May 22, 2023.
             Was an Elder of Trog.
             Demolished by a tentacled starspawn (28 damage)
             ... on level 2 of the Abyss.
             The game lasted 00:09:57 (9353 turns).

edwardauron the Cleaver (Demonspawn Berserker)      Turns: 9353, Time: 00:09:57

Health: -19/77     AC: 11    Str: 28    XL:     11   Next: 60%
Magic:  11/11      EV: 10    Int: 13    God:    Trog [****..]
Gold:   296        SH: 13    Dex: 12    Spells: 10/10 levels left

rFire   + . .        a - +1 hand axe (venom)
rCold   . . .        w - +2 kite shield {rPois}
rNeg    . . .        o - +1 ring mail {rF+}
rPois   +            (helmet unavailable)
rElec   .            y - +0 cloak
rCorr   .            (no gloves)
SInv    +            p - +1 pair of boots
Will    +....        r - amulet of the acrobat
Stlth   +            u - ring of the Trilobite {Str+6 Int+4}
HPRegen 0.00/turn    t - ring of willpower
MPRegen 0.12/turn

%: acrobat
@: mighty, on berserk cooldown, sick, hasted, very quick
A: antennae 3, ignite blood 1, spiny 2
a: Renounce Religion, Berserk, Trog's Hand, Brothers in Arms


You were on level 2 of the Abyss.
You worshipped Trog.
Trog was greatly pleased with you.
You visited 1 branch of the dungeon, and saw 11 of its levels.
You visited the Abyss 1 time.

You collected 676 gold pieces.
You spent 380 gold pieces at shops.

Inventory:

Hand Weapons
 a - a +1 hand axe of venom (weapon)
Armour
 o - a +1 ring mail of fire resistance (worn)
 p - a +1 pair of boots (worn)
 w - a +2 kite shield of poison resistance (worn)
 y - a +0 cloak (worn)
Jewellery
 c - a ring of flight
 r - an amulet of the acrobat (around neck)
 t - a ring of willpower (right hand)
 u - the ring of the Trilobite (left hand) {Str+6 Int+4}
   (You bought it in a shop on level 8 of the Dungeon)

   [ring of strength]

   Str:       It affects your strength (+6).
   Int:       It affects your intelligence (+4).
Wands
 q - a wand of iceblast (10)
 s - a wand of mindburst (10)
 x - a wand of paralysis (2)
Scrolls
 e - 2 scrolls of immolation
 l - a scroll of teleportation
Potions
 b - 2 potions of haste
 d - 2 potions of might
 g - 3 potions of flight
 h - 3 potions of ambrosia
 j - a potion of attraction {unknown}
 k - 2 potions of cancellation
 m - 3 potions of mutation {unknown}
 n - 5 potions of curing
 v - a potion of degeneration {unknown}


   Skills:
 + Level 4.2 Fighting
 + Level 12.5 Axes
 + Level 9.4 Armour
 - Level 1.7 Dodging
 + Level 9.6 Shields


You had 10 spell levels left.
You didn't know any spells.
Your spell library contained the following spells:

 Spells                   Type           Power      Damage    Failure   Level
 Blink                    Tloc           0%         N/A       71%         2
 Lesser Beckoning         Tloc           0%         N/A       71%         2
 Momentum Strike          Conj/Tloc      0%         3d8       71%         2
 Sublimation of Blood     Necr           0%         N/A       71%         2
 Gell's Gravitas          Tloc           0%         N/A       91%         3
 Inner Flame              Hex/Fire       0%         N/A       91%         3
 Teleport Other           Tloc           0%         N/A       91%         3
 Flame Wave               Conj/Fire      0%         2d4       100%        4
 Petrify                  Tmut/Erth      0%         N/A       100%        4
 Sticky Flame             Conj/Fire      0%         2d3       100%        4
 Irradiate                Conj/Tmut      0%         3d11      100%        5


Dungeon Overview and Level Annotations

Branches:
Dungeon (11/15)            Temple (0/1) D:6
   Lair: D:8-11         Orc: D:9-12

Altars:
Gozag
Makhleb
Sif Muna
Trog

Shops:
D:8 *([[

Annotations:
D:9 Erolcha


Innate Abilities, Weirdness & Mutations

You have a pair of large antennae on your head. (SInv)
Your demonic aura sometimes causes spilled blood to erupt in flames.
You are mostly covered in sharp spines.


Message History

The small abomination attacks as you move away!
The small abomination is struck by your spines.
The small abomination hits you!
* * * LOW HITPOINT WARNING * * *
You hit the small abomination.
The small abomination is almost destroyed.
The small abomination is engulfed in blazing flames.
You destroy the small abomination!
Trog accepts your kill.
Your ufetubus barely misses the small abomination.
Your ufetubus hits the small abomination but does no damage.
The thrashing horror is engulfed in blazing flames.
A tentacled starspawn comes into view.
The small abomination is engulfed in blazing flames.
The small abomination barely misses your ufetubus.
Your ufetubus splashes around in the water.
Your ufetubus hits the small abomination.
You block the thrashing horror's attack.
The thrashing horror tramples you.
* * * LOW HITPOINT WARNING * * *
You stumble backwards!
A large abomination comes into view.
You feel better.
The thrashing horror roars!
The thrashing horror is engulfed in blazing flames. x2
You block the thrashing horror's attack.
The thrashing horror tramples you.
* * * LOW HITPOINT WARNING * * *
You stumble backwards!
A tentacle flies out from the starspawn's body!
A starspawn tentacle comes into view.
The thrashing horror is engulfed in blazing flames.
You block the thrashing horror's attack.
The thrashing horror tramples you but does no damage.
The thrashing horror is engulfed in blazing flames.
Okay, then.
You feel very mighty all of a sudden.
You feel yourself speed up.
The tentacled starspawn is struck by your spines.
The tentacled starspawn bites you!!
You die...

..# # #.#......
# .#.#
5♣..##≈.##X
x##.{~x~ .#.#{{
#.#.## .#.~#.#
###..##{#5....#
# 5#{.
##.##°...#...
#.3.§...##.####
#..#
X##.#.#X.## #.
###w..@#.# #
#.<###X#...
#..#X{{─#..##..
## #. .. _## .#
. .##. ## # .#
.. # .. #..


You could see a tentacled starspawn, a thrashing horror (ally target), a
starspawn tentacle and a friendly ufetubus (summoned).

Vanquished Creatures
  A two-headed ogre (D:8)
  A cyclops (D:10)
  An apocalypse crab (Abyss:2)
  A gargoyle (D:7)
  A smoke demon (Abyss:2)
  An ancient zyme (Abyss:2)
  A troll (D:11)
  The ghost of Sobieck the Tainter, a novice DEVM (D:4)
  Sigmund (D:5)
  A ynoxinul (Abyss:2)
  A wraith (Abyss:2)
  An acid dragon (D:10)
  A water moccasin (D:8)
  A large abomination (Abyss:2)
  An ice beast (D:5)
  A sky beast (D:7)
  2 black bears (D:5)
  7 ogres
  3 centaurs
  3 bullfrogs (D:6)
  A kobold brigand (D:9)
  A small abomination (Abyss:2)
  3 scorpions
  7 wights
  11 killer bees
  A howler monkey (D:4)
  2 jellies
  7 hounds
  6 orc priests
  6 iguanas
  A sleepcap (D:5)
  11 orc wizards
  16 adders
  A shadow imp (D:6)
  4 ufetubi
  2 worms
  3 dart slugs
  31 orcs
  10 endoplasms
  2 giant cockroaches
  9 goblins
  4 hobgoblins
  14 jackals
  3 quokkas
  7 ball pythons
  9 bats
  2 frilled lizards (D:2)
  12 kobolds
  7 rats
224 creatures vanquished.

Vanquished Creatures (others)
  3 starspawn tentacles (Abyss:2)
3 creatures vanquished.

Grand Total: 227 creatures vanquished

Notes
Turn   | Place    | Note
-------+----------+-------------------------------------------
     0 | D:1      | edwardauron the Demonspawn Berserker began the quest for
                  | the Orb.
     0 | D:1      | Reached XP level 1. HP: 18/18 MP: 1/1
   114 | D:1      | Reached skill level 3 in Axes
   121 | D:1      | Gained mutation: You are partially covered in sharp spines.
                  | [demonic ancestry]
   121 | D:1      | Reached XP level 2. HP: 20/24 MP: 2/2
   459 | D:1      | Reached ** piety under Trog
   536 | D:1      | Found a faded altar of an unknown god.
   607 | D:1      | Reached XP level 3. HP: 29/29 MP: 3/3
   736 | D:1      | Reached skill level 4 in Axes
  1129 | D:2      | Gained mutation: You are mostly covered in sharp spines.
                  | [demonic ancestry]
  1129 | D:2      | Reached XP level 4. HP: 34/35 MP: 4/4
  1873 | D:3      | Found a shimmering blue altar of Sif Muna.
  1917 | D:3      | Found a burning altar of Makhleb.
  2044 | D:3      | Found a bloodstained altar of Trog.
  2083 | D:3      | Reached *** piety under Trog
  2187 | D:3      | Reached skill level 5 in Axes
  2187 | D:3      | Reached skill level 1 in Shields
  2532 | D:4      | Gained mutation: Your demonic aura sometimes causes spilled
                  | blood to erupt in flames. [demonic ancestry]
  2532 | D:4      | Reached XP level 5. HP: 34/41 MP: 5/5
  2923 | D:4      | Gained mutation: You have a pair of small antennae on your
                  | head. [demonic ancestry]
  2923 | D:4      | Reached XP level 6. HP: 30/47 MP: 6/6
  3032 | D:4      | Found an opulent altar of Gozag.
  3313 | D:4      | Noticed Sobieck's ghost (novice DEVM)
  3319 | D:4      | Found a runed translucent door.
  3340 | D:4      | Killed Sobieck's ghost
  3341 | D:4      | Reached skill level 6 in Axes
  3341 | D:4      | Gained mutation: You have a pair of antennae on your head.
                  | [demonic ancestry]
  3341 | D:4      | Reached XP level 7. HP: 52/52 MP: 7/7
  4045 | D:5      | Entered Level 5 of the Dungeon
  4202 | D:5      | Reached **** piety under Trog
  4215 | D:5      | Gained mutation: You have a pair of large antennae on your
                  | head. (SInv) [demonic ancestry]
  4215 | D:5      | Reached XP level 8. HP: 17/58 MP: 8/8
  4228 | D:5      | Identified the +0 ring mail of Intercession {rN+ Will+}
  4418 | D:5      | Reached skill level 5 in Armour
  4921 | D:5      | Noticed Sigmund
  4928 | D:5      | Killed Sigmund
  4978 | D:5      | Reached skill level 12 in Axes
  4978 | D:5      | Reached XP level 9. HP: 63/63 MP: 9/9
  4979 | D:5      | Reached XP level 10. HP: 70/70 MP: 10/10
  5346 | D:6      | Found a staircase to the Ecumenical Temple.
  6121 | D:6      | Reached XP level 11. HP: 74/75 MP: 11/11
  7762 | D:8      | Found Viocisu's Assorted Antiques.
  7765 | D:8      | Bought a shimmering iron ring for 155 gold pieces
  7765 | D:8      | Identified the ring of the Trilobite {Str+6 Int+4} (You
                  | bought it in a shop on level 8 of the Dungeon)
  7767 | D:8      | Found Nivigruh's Antique Armour Shop.
  7781 | D:8      | Found Rixayrr's Weapon Shoppe.
  7804 | D:8      | Found Vurocymm's Antique Armour Shoppe.
  7844 | D:8      | Bought a glowing kite shield for 225 gold pieces
  7984 | D:8      | You fall into a shaft and drop 3 floors!
  8150 | D:10     | Entered Level 10 of the Dungeon
  8487 | D:10     | Reached ***** piety under Trog
  8605 | D:8      | Noticed a two-headed ogre
  8614 | D:8      | Killed a two-headed ogre
  9110 | D:9      | Noticed Erolcha
  9110 | Abyss:2  | Cast into level 2 of the Abyss (Erolcha)
  9143 | Abyss:2  | Found a corrupted altar of Lugonu.
  9205 | Abyss:2  | Found a corrupted altar of Lugonu.
  9241 | Abyss:2  | Found a corrupted altar of Lugonu.
  9335 | Abyss:2  | Noticed a thrashing horror
  9344 | Abyss:2  | Noticed a thrashing horror
  9344 | Abyss:2  | Noticed a tentacled starspawn
  9350 | Abyss:2  | Noticed a tentacled starspawn
  9353 | Abyss:2  | Demolished by a tentacled starspawn

Illustrated notes

Levels and vault maps discovered:
D:1:      psy_arrival_statuary, layout_basic,
          dreamdust_ecumenical_altar_angels_and_demons
D:2:      minmay_skewed_foursquare, layout_loops_ring, minmay_misc_feat_x
D:3:      layout_basic, bloody_trog, jmf_multi_god_temple,
          nicolae_concentric_dashed_squares_wild, serial_park_tiny_1,
          st_stairs_4
D:4:      layout_layer_cave, nicolae_gozag_cash_rules_everything_around_me,
          hellmonk_ghost_happy_afterlife, sigmund_army
D:5:      layout_loops_ring, minmay_joined_circles, uniq_sigmund
D:6:      layout_layer_cave, minmay_temple_entry_mini_moons
D:7:      layout_loops_corners
D:8:      layout_basic, serial_shops, shop, nicolae_stop_n_shop_1, shop,
          nicolae_shop_overgrown_old_shop, hangedman_decor_opposing,
          serial_park_tiny_2
D:9:      layout_long_grid, mainiacjoe_overflow_swirl, orc_david_3, uniq_erolcha
D:10:     layout_small_grid
D:11:     layout_irregular_city, erik_lair_dragon, minmay_misc_feat_rugged
Abyss:2:  base: Temple, due_exit_kobolds, bh_abyss_xom_lugonu_altar,
          bh_abyss_xom_lugonu_altar

Skill      XL: |  1  2  3  4  5  6  7  8  9 10 11 |
---------------+----------------------------------+-----
Axes           | 3 4 5 6 12 | 12.5
Shields        | 1 2 3 4 9 |  9.6
Armour         | 4 7 8 9 |  9.4
Fighting       | 4 |  4.2
Dodging        | |  1.7

Action                     |  1- 3 |  4- 6 |  7- 9 | 10-12 || total
---------------------------+-------+-------+-------+-------++-------
  Melee: Hand axe          |    89 |   106 |    94 |   329 ||   618
 Invoke: Berserk           |       |     3 |     1 |     4 ||     8
         Trog's Hand       |       |       |     1 |     2 ||     3
    Use: Scroll            |       |     6 |     9 |     1 ||    16
         Potion            |       |     2 |     2 |     4 ||     8
   Stab: Sleeping          |     6 |     2 |       |       ||     8
 Armour: Animal skin       |    19 |    10 |     3 |       ||    32
         Ring mail         |       |       |    25 |    60 ||    85
  Dodge: Dodged            |    56 |    43 |    36 |    75 ||   210
  Block: Kite shield       |       |    40 |    47 |   182 ||   269
